 Dungeon Crawl Stone Soup version 0.31-a0-1009-g454b1f1e0a (webtiles) character file.

Game seed: 16358960349626582580

2214 Malachi the Basher (level 9, -3/65 HPs)
             Began as a Demonspawn Gladiator on Nov 14, 2023.
             Was a High Priest of Jiyva.
             Killed from afar by a rakshasa (23 damage)
             ... with a lance of force
             ... on level 8 of the Dungeon.
             The game lasted 00:08:40 (5578 turns).

Malachi the Basher (Demonspawn Gladiator)           Turns: 5578, Time: 00:08:40

Health: -3/65      AC:  8    Str: 18    XL:     9   Next: 13%
Magic:  13/13      EV: 10    Int: 10    God:    Jiyva [*****.]
Gold:   134        SH:  7    Dex: 15    Spells: 8/8 levels left

rFire   . . .        z - +5 morningstar
rCold   . . .        x - +0 kite shield
rNeg    . . .        h - +0 scale mail
rPois   +            (helmet unavailable)
rElec   .            p - +0 cloak
rCorr   +            A - +0 pair of gloves {Stlth+}
SInv    .            (no boots)
Will    .....        c - amulet of regeneration
Stlth   +++          (no ring)
HPRegen 2.54/turn    (no ring)
MPRegen 0.58/turn

%: clarity
@: no status effects
A: horns 3, sturdy frame 3, bedeviling, clarity, poison resistance, translucent
skin 3, jelly absorbing missiles, MP-powered wands
a: Renounce Religion, Oozemancy, Slimify


You were on level 8 of the Dungeon.
You worshipped Jiyva.
Jiyva was extremely pleased with you.
You visited 1 branch of the dungeon, and saw 8 of its levels.
You also visited: Sewer.

You collected 366 gold pieces.
You spent 232 gold pieces at shops.

Inventory:

Hand Weapons
 a - a +0 flail
 k - a +4 spear of venom
 v - a +2 whip of freezing
 z - a +5 morningstar (weapon)
Missiles
 d - 3 throwing nets (quivered)
 e - 7 javelins
Armour
 h - a +0 scale mail (worn)
 p - a +0 cloak (worn)
 x - a +0 kite shield (worn)
 A - a +0 pair of gloves of stealth (worn)
Jewellery
 c - an amulet of regeneration (around neck)
 l - an amulet of the acrobat
Wands
 u - a wand of charming (2)
Scrolls
 b - 2 scrolls of blinking
 o - 5 scrolls of teleportation
 y - 2 scrolls of enchant armour {unknown}
Potions
 f - 3 potions of attraction
 g - a potion of heal wounds
 i - a potion of ambrosia {unknown}
 j - 2 potions of resistance {unknown}
 m - a potion of curing {unknown}
 n - a potion of degeneration {unknown}
 q - a potion of lignification {unknown}
 s - a potion of haste
 t - a potion of might {unknown}
 w - 2 potions of berserk rage {unknown}


   Skills:
 + Level 3.9 Fighting
 + Level 9.7 Maces & Flails
 - Level 2.0 Polearms
 - Level 1.8 Throwing
 - Level 2.7 Dodging
 + Level 6.2 Invocations


You had 8 spell levels left.
You didn't know any spells.
Your spell library contained the following spells:

 Spells                   Type           Power      Damage    Failure   Level
 Foxfire                  Conj/Fire      0%         2x1d4     80%         1
 Shock                    Conj/Air       0%         1d3       80%         1
 Swiftness                Air            0%         N/A       99%         3
 Airstrike                Air            0%         2d(0-16)  100%        4
 Plasma Beam              Fire/Air       0%         2x1d10    100%        6
 Starburst                Conj/Fire      0%         6d3       100%        6


Dungeon Overview and Level Annotations

Branches:
Dungeon (8/15)             Temple (0/1) D:6           Sewer (visited)
   Lair: D:8-11

Altars:
Cheibriados
Jiyva

Shops:
D:1 [   D:7 [


Innate Abilities, Weirdness & Mutations

You have a pair of large horns on your head.
Your movements are significantly less encumbered by armour. (ER -6)
Your hexes are more powerful.
You possess an exceptional clarity of mind.
Your system is resistant to poisons. (rPois)
Your transparent skin significantly reduces your foes' accuracy. (Stealth+)
You have a small jelly attached to you that may absorb projectiles.
You expend magic power (3 MP) to strengthen your wands.


Message History

You closely miss the bullfrog.
The bullfrog is severely wounded.
The bullfrog misses you. The bullfrog hits you.
An orc comes into view. It is wielding a +0 dagger.
You barely miss the bullfrog.
The bullfrog is severely wounded.
The orc shouts!
You hear a shout!
The bullfrog closely misses you. The bullfrog barely misses you.
You barely miss the bullfrog.
The bullfrog is severely wounded.
The bullfrog barely misses you.
The rakshasa blinks!
The bullfrog hits you but does no damage.
You hit the bullfrog.
The bullfrog is almost dead.
A bullfrog comes into view.
The bullfrog closely misses you.
An orc comes into view. It is wielding a +0 club.
The rakshasa hits you with a +0 long sword!
You closely miss the bullfrog.
The bullfrog is almost dead.
The bullfrog closely misses you.
An orc comes into view. It is wielding a +0 hand axe.
The rakshasa gestures at you. The lance of force hits you!
You shudder from the blast and a jelly pops out!
You are knocked back by the lance of force.
You collide with the orc!
The orc is almost dead.
You shudder from the blast and a jelly pops out!
The bullfrog hits you!
* * * LOW HITPOINT WARNING * * *
You are too injured to fight recklessly!
Unknown command.
You catch the helpless orc completely off-guard!
You hit the orc.
You kill the orc!
You block the bullfrog's attack. The rakshasa gestures at you.
The lance of force hits you!!
You die...

'..8. #.o..
#.... #....
## #..F.
.##.#
..J#J##.#
#FR.##[# #@#
#.# #)# #.#
#o# #.# #o#
#.#
######.###.#
..........<.#
o.......#####
..#######


You could see a rakshasa (ally target), 2 bullfrogs, 3 orcs, a friendly acid
blob (summoned) and a friendly rockslime (summoned).

Vanquished Creatures
  Pikel (D:4)
  A water moccasin (Sewer)
  2 black bears
  2 ice beasts
  An ogre (D:4)
  Blork the orc (D:4)
  A kobold brigand (D:7)
  A gnoll sergeant (D:6)
  A bullfrog (D:6)
  2 scorpions
  4 wights
  2 howler monkeys
  3 hounds
  An orc priest (D:7)
  4 iguanas
  5 gnolls
  6 adders
  2 shadow imps
  2 ufetubi (D:6)
  3 worms
  2 dart slugs
  8 orcs
  10 ball pythons
  4 endoplasms
  4 giant cockroaches
  8 goblins
  8 hobgoblins
  12 jackals
  4 quokkas
  14 bats
  3 frilled lizards
  11 kobolds
  5 rats
138 creatures vanquished.

Vanquished Creatures (collateral kills)
  3 wights (D:7)
  3 gnolls (D:6)
6 creatures vanquished.

Vanquished Creatures (others)
  A phantom (D:5)
  A scorpion (D:4)
  2 jellies
  An orc priest (D:5)
  An iguana (D:5)
  3 adders
  A dart slug (D:4)
  4 orcs (D:5)
  2 endoplasms (D:3)
  A goblin (D:4)
  2 hobgoblins
  A ball python (D:4)
  3 kobolds (D:3)
  A rat (D:3)
24 creatures vanquished.

Grand Total: 168 creatures vanquished

Notes
Turn   | Place    | Note
-------+----------+-------------------------------------------
     0 | D:1      | Malachi the Demonspawn Gladiator began the quest for the
                  | Orb.
     0 | D:1      | Reached XP level 1. HP: 16/16 MP: 1/1
   296 | D:1      | Reached skill level 3 in Maces & Flails
   340 | D:1      | Gained mutation: You have a pair of small horns on your
                  | head. [demonic ancestry]
   340 | D:1      | Reached XP level 2. HP: 22/22 MP: 2/2
   519 | D:1      | Found Fegha's Antique Armour Emporium.
   718 | D:1      | Gained mutation: You have a pair of horns on your head.
                  | [demonic ancestry]
   718 | D:1      | Reached XP level 3. HP: 26/27 MP: 3/3
  1065 | D:2      | Reached skill level 4 in Maces & Flails
  1560 | D:2      | Found a faded altar of an unknown god.
  1796 | D:2      | Prayed at the altar of an unknown god.
  1796 | D:2      | Became a worshipper of Jiyva Jydugu the Shapeless
  1796 | D:2      | Reached * piety under Jiyva
  1840 | D:3      | Found a glowing drain.
  1857 | D:3      | Gained mutation: Your movements are slightly less
                  | encumbered by armour. (ER -2) [demonic ancestry]
  1857 | D:3      | Reached XP level 4. HP: 33/33 MP: 4/4
  1865 | Sewer    | Entered a sewer
  1895 | Sewer    | Noticed a water moccasin
  1908 | Sewer    | Killed a water moccasin
  1909 | Sewer    | Reached skill level 5 in Maces & Flails
  1909 | Sewer    | Gained mutation: Your movements are less encumbered by
                  | armour. (ER -4) [demonic ancestry]
  1909 | Sewer    | Reached XP level 5. HP: 26/38 MP: 5/5
  2363 | D:3      | Reached ** piety under Jiyva
  2963 | D:4      | Noticed an ogre
  2968 | D:4      | Killed an ogre
  2969 | D:4      | Reached skill level 6 in Maces & Flails
  2969 | D:4      | Gained mutation: Your movements are significantly less
                  | encumbered by armour. (ER -6) [demonic ancestry]
  2969 | D:4      | Reached XP level 6. HP: 19/44 MP: 6/6
  3198 | D:4      | Noticed Blork the orc
  3213 | D:4      | Killed Blork the orc
  3214 | D:4      | Reached skill level 7 in Maces & Flails
  3240 | D:4      | Reached *** piety under Jiyva
  3240 | D:4      | Gained mutation: Your translucent skin slightly reduces
                  | your foes' accuracy. (Stealth+) [Jiyva's grace]
  3240 | D:4      | Gained mutation: Your translucent skin reduces your foes'
                  | accuracy. (Stealth+) [Jiyva's grace]
  3240 | D:4      | Gained mutation: Your transparent skin significantly
                  | reduces your foes' accuracy. (Stealth+) [Jiyva's grace]
  3240 | D:4      | Gained mutation: You possess an exceptional clarity of
                  | mind. [Jiyva's grace]
  3245 | D:4      | Found a snail-covered altar of Cheibriados.
  3328 | D:4      | Noticed Pikel
  3357 | D:4      | Killed Pikel
  3358 | D:4      | Reached skill level 8 in Maces & Flails
  3358 | D:4      | Gained mutation: Your hexes are more powerful. [demonic
                  | ancestry]
  3358 | D:4      | Reached XP level 7. HP: 40/50 MP: 7/7
  3660 | D:5      | Entered Level 5 of the Dungeon
  3671 | D:5      | Reached skill level 9 in Maces & Flails
  3671 | D:5      | Reached XP level 8. HP: 53/56 MP: 8/8
  3804 | D:5      | Reached skill level 1 in Invocations
  3835 | D:5      | Reached **** piety under Jiyva
  4687 | D:6      | Found a staircase to the Ecumenical Temple.
  4757 | D:6      | Reached ***** piety under Jiyva
  4888 | D:6      | Reached skill level 1 in Polearms
  5003 | D:6      | Gained mutation: You have a small jelly attached to you
                  | that may absorb projectiles. [Jiyva's grace]
  5003 | D:6      | Gained mutation: You expend magic power (3 MP) to
                  | strengthen your wands. [Jiyva's grace]
  5003 | D:6      | Gained mutation: You have a pair of large horns on your
                  | head. [Jiyva's grace]
  5003 | D:6      | Gained mutation: Your system is resistant to poisons.
                  | (rPois) [Jiyva's grace]
  5096 | D:6      | Reached skill level 5 in Invocations
  5169 | D:7      | Reached XP level 9. HP: 64/64 MP: 13/13
  5304 | D:7      | Found Bolewud's Antique Armour Shop.
  5469 | D:7      | Bought a pair of glowing gloves for 232 gold pieces
  5572 | D:8      | Noticed a rakshasa
  5578 | D:8      | Killed from afar by a rakshasa

Illustrated notes

Levels and vault maps discovered:
D:1:      dpeg_arrival_shrine, layout_basic, serial_shops,
          nicolae_shop_overgrown_old_shop
D:2:      layout_basic, nicolae_ecumenical_lake_church
D:3:      layout_basic, portal_sewer_entry_d, serial_rivers,
          chequers_serial_rivers_small_3, chequers_serial_rivers_micro_e,
          chequers_serial_rivers_large_b, chequers_serial_rivers_marsh,
          chequers_serial_rivers_small_a
D:4:      layout_basic, cheibriados_altar_1, uniq_blork_the_orc, uniq_pikel
D:5:      layout_loops_corners, serial_bayou, serial_bayou_pond_a,
          serial_bayou_pond_e, serial_bayou_pond_c, serial_bayou_lagoon_b,
          serial_bayou_shore_a
D:6:      dreamdust_elfheim, layout_rooms, minmay_temple_entry_antechambers,
          chequers_arboretum
D:7:      layout_rooms, serial_shops, nicolae_shop_tiny_waterfront
D:8:      layout_loops_ring, mainiacjoe_overflow_paths, minmay_three_doors

Skill      XL: |  1  2  3  4  5  6  7  8  9 |
---------------+----------------------------+-----
Maces & Flails | 3 4 5 6 8 9 |  9.7
Invocations    | 5 6 |  6.2
Polearms       | 2 |  2.0
Fighting       | 3 |  3.9
Throwing       | |  1.8
Dodging        | |  2.7

Action                     |  1- 3 |  4- 6 |  7- 9 || total
---------------------------+-------+-------+-------++-------
  Melee: Flail             |   148 |   161 |    68 ||   377
         Headbutt          |    16 |    23 |    26 ||    65
         Punch             |       |     2 |     2 ||     4
         Spear             |       |       |    39 ||    39
         Morningstar       |       |       |    56 ||    56
  Evoke: Wand              |       |       |     1 ||     1
    Use: Scroll            |       |       |     6 ||     6
   Stab: Sleeping          |     1 |       |     3 ||     4
         Distracted        |       |       |     1 ||     1
 Armour: Leather armour    |    20 |       |       ||    20
         Scale mail        |    93 |    97 |    93 ||   283
         Skin              |     2 |       |       ||     2
  Dodge: Dodged            |   113 |   121 |   107 ||   341
  Block: Kite shield       |       |       |    43 ||    43

Table legend: (Time is in decaauts)
 A = Elapsed time spent in this place.
 B = Non-inter-level travel time spent in this place.
 C = Inter-level travel time spent in this place.
 D = Time resting spent in this place.
 E = Time spent auto-exploring this place.
 F = Levels seen in this place.
 G = Mean time per level.
                   A        B        C        D        E       F      G
               +--------+--------+--------+--------+--------+-----+--------+
         Total |   5714 |   5586 |    128 |    351 |   4056 |   9 |  634.9 |
       Dungeon |   5598 |   5470 |    128 |    351 |   4011 |   8 |  699.8 |
         Sewer |    116 |    116 |      0 |      0 |     45 |   1 |  116.0 |
               +--------+--------+--------+--------+--------+-----+--------+

Top non-repeatable levels by time:
     D:3: 1061 daAuts
     D:1: 1013 daAuts
     D:5: 950 daAuts
     D:2: 833 daAuts
     D:4: 732 daAuts
     D:6: 507 daAuts
     D:7: 475 daAuts
   Sewer: 116 daAuts
     D:8: 24 daAuts
